 Dungeon Crawl Stone Soup version 0.24-b1 (webtiles) character file.

Game seed: 3987799693701050715, levelgen mode: deterministic

132 DroneFragger the Slasher (level 4, -7/38 HPs)
             Began as a Draconian Fighter on Oct 12, 2019.
             Mangled by a black bear (8 damage)
             ... on level 7 of the Dungeon.
             The game lasted 00:04:47 (2373 turns).

DroneFragger the Slasher (Draconian Fighter)        Turns: 2373, Time: 00:04:48

Health: -7/38      AC:  5    Str: 20    XL:     4   Next: 92%
Magic:  4/4        EV: 10    Int:  8    God:
Gold:   151        SH:  9    Dex: 10    Spells: 3/3 levels left

rFire    . . .     SeeInvis .   a - +0 long sword
rCold    . . .     Gourm    .   b - +0 shield
rNeg     . . .     Faith    .   (armour unavailable)
rPois    .         Spirit   .   (helmet restricted)
rElec    .         Reflect  .   (no cloak)
rCorr    .         Harm     .   (no gloves)
MR       .....                  (no boots)
Stlth    +.........             (no amulet)
HPRegen  0.12/turn              (no ring)
MPRegen  0.09/turn              (no ring)

@: very slightly contaminated
A: unfitting armour, cold-blooded, AC +5
a: no special abilities


You were on level 7 of the Dungeon.
You were not hungry.

You visited 1 branch of the dungeon, and saw 5 of its levels.

You collected 151 gold pieces.

Inventory:

Hand Weapons
 a - a +0 long sword (weapon)
Missiles
 p - a throwing net (quivered)
Armour
 b - a +0 shield (worn)
Wands
 v - a wand of polymorph (8)
Scrolls
 g - 4 scrolls of teleportation {unknown}
 j - a scroll of magic mapping
 k - a scroll of noise
 l - 8 scrolls of identify {unknown}
Potions
 c - 2 potions of might
 e - a potion of flight {unknown}
 f - 2 potions of lignification {unknown}
 m - a potion of magic {unknown}
 n - 2 potions of curing {unknown}
 q - a potion of agility {unknown}
 r - a potion of heal wounds {unknown}
 t - a potion of cancellation {unknown}
 z - a potion of degeneration {unknown}
Comestibles
 d - 4 rations


   Skills:
 - Level 3.2 Fighting
 + Level 5.2 Long Blades
 - Level 2.6 Dodging
 - Level 3.0 Shields


You had 3 spell levels left.
You didn't know any spells.
Your spell library was empty.

Dungeon Overview and Level Annotations

Branches:
Dungeon (4/15)
 Temple: D:4-7

Altars:


Innate Abilities, Weirdness & Mutations

Your plain brown scales are hard. (AC +5)
You cannot fit into any form of body armour.
You are cold-blooded and may be slowed by cold attacks.


Message History

As you read the scroll labeled MYAGAU MUUSOY, it crumbles to dust.
It was a scroll of blinking.
A black bear and 3 orcs come into view.
The orc shouts!
You block the orc's attack.
You hit the orc but do no damage.
You feel yourself speed up. The orc hits you but does no damage.
The jackal barely misses you.
You riposte.
You closely miss the jackal. You tail-slap the jackal.
The jackal is severely wounded.
The orc barely misses you.
You riposte.
You slash the orc!
You kill the orc!
You block the jackal's attack.
The jackal bites you but does no damage.
You hit the orc.
The orc is almost dead.
The phantom blinks!
The jackal closely misses you. You block the jackal's attack.
The jackal closely misses you. The black bear bites you!
You die...

******,,,,*,,,,,,*******,,
********,,,,*,,,,*......*,,,,**,,
,,,,,*,,,,,,,*,,,+......*,,,,,,,,
,,,,,*,,,,,,,*,,,*......+,,,,,,,,
,,,,,*,,,,,,##+###......****+**,,
,,,,,*,,,,,,#...........,,,,,,*,,
,,,,,*,,,,,,#.....o.....,,,,,,***
,,,,,*,,,,,,#....W.o....,,,,,,,,,
****#####+###.hh@ho.....,,,,,,,,,
*,,,...........ohh......,,,,,,,,,
+,,,..........Y.§.......,,,,,,,,,
*,,,.........5..........,,,,,,,,,
*,,,........K...........,,,,,,,,,
*,,,....................,,,,,,***
,,,,,..####'###+##......****+**,,
,,,,,,,#§§..§#,,,*......*,,,,,*,,
,,,,,,,#§§§K§#,,,*,,,,,,*,,,,,*,,


You could see a phantom (inner flame), a black bear, an ice beast (inner flame),
a shadow imp (inner flame), 4 orcs, 4 jackals and a kobold (inner flame).

Vanquished Creatures
  3 gnolls (D:2)
  2 adders
  5 worms
  2 dart slugs
  4 leopard geckos
  2 orcs
  A giant cockroach (D:4)
  11 goblins
  6 hobgoblins
  2 jackals (D:3)
  2 quokkas (D:2)
  6 bats
  4 frilled lizards
  5 kobolds
  A leopard gecko skeleton (D:3)
  8 rats
64 creatures vanquished.

Notes
Turn   | Place    | Note
-------+----------+-------------------------------------------
     0 | D:1      | DroneFragger the Draconian Fighter began the quest for the
                  | Orb.
     0 | D:1      | Reached XP level 1. HP: 19/19 MP: 1/1
   250 | D:1      | Reached XP level 2. HP: 26/26 MP: 2/2
   318 | D:1      | Reached skill level 3 in Long Blades
   748 | D:2      | Reached XP level 3. HP: 21/31 MP: 3/3
  1206 | D:2      | Reached skill level 4 in Long Blades
  1212 | D:2      | Reached XP level 4. HP: 30/38 MP: 4/4
  1964 | D:3      | Reached skill level 5 in Long Blades
  2318 | D:4      | Noticed an ogre
  2330 | D:4      | You fall into a shaft and drop 3 floors!
  2331 | D:7      | Noticed a big kobold
  2333 | D:7      | Noticed an ice beast
  2366 | D:7      | Noticed a phantom
  2370 | D:7      | HP: 1/38 [ice beast (7)]
  2371 | D:7      | Noticed a black bear
  2373 | D:7      | Mangled by a black bear

Skill      XL: |  1  2  3  4 |
---------------+-------------+-----
Long Blades    | 3 4 5 |  5.2
Fighting       | |  3.2
Dodging        | |  2.6
Shields        | |  3.0

Action                   |  1- 3 |  4- 6 || total
-------------------------+-------+-------++-------
Melee: Long sword        |   106 |    95 ||   201
       Tailslap          |     6 |    12 ||    18
Throw: Throwing net      |       |     1 ||     1
  Use: Scroll            |       |     8 ||     8
  Eat: Chunk             |     1 |     4 ||     5
Armor: Skin              |    31 |    30 ||    61
Dodge: Dodged            |    51 |    42 ||    93
Block: Shield            |    61 |    53 ||   114
       Rpst.: Long sword |    12 |    14 ||    26
